 Dungeon Crawl Stone Soup version 0.31-a0-188-g5e087ee2ca (webtiles) character file.

Game seed: 11156042408744183848

1029 qw the Skirmisher (level 8, -1/44 HPs)
             Began as a Deep Elf Hunter on June 23, 2023.
             Slain by an orc wizard
             ... wielding a +0 dagger
              (3 damage)
             ... on level 6 of the Dungeon.
             The game lasted 00:01:42 (3857 turns).

qw the Skirmisher (Deep Elf Hunter)                 Turns: 3857, Time: 00:01:42

Health: -1/44      AC:  7    Str: 14    XL:     8   Next: 3%
Magic:  10/10      EV: 12    Int: 14    God:
Gold:   361        SH:  0    Dex: 17    Spells: 7/7 levels left

rFire   . . .        Y - +1 shortbow
rCold   . . .        (shield currently unavailable)
rNeg    . . .        d - +0 ring mail
rPois   .            e - +0 helmet
rElec   .            (no cloak)
rCorr   +            b - +0 pair of gloves
SInv    .            (no boots)
Will    .....        (no amulet)
Stlth   +            f - ring of resist corrosion
HPRegen 0.27/turn    (no ring)
MPRegen 0.12/turn

%: clarity
@: about to teleport
A: clarity, strong 1
a: no special abilities


You were on level 6 of the Dungeon.
You visited 1 branch of the dungeon, and saw 6 of its levels.

You collected 361 gold pieces.


Innate Abilities, Weirdness & Mutations

You possess an exceptional clarity of mind.
Your muscles are strong. (Str +4, Int/Dex -1)


   Skills:
 + Level 2.2 Fighting
 - Level 12.0 Ranged Weapons
 - Level 1.0 Armour
 - Level 4.5 Dodging
 - Level 1.2 Stealth


You had 7 spell levels left.
You didn't know any spells.
Your spell library was empty.

Inventory:

Hand Weapons
 Y - a +1 shortbow (weapon)
Armour
 b - a +0 pair of gloves (worn)
 d - a +0 ring mail (worn)
 e - a +0 helmet (worn)
Jewellery
 f - a ring of resist corrosion (left hand)
 n - a ring of resist corrosion
Scrolls
 a - a scroll of identify
Potions
 c - 3 potions of curing
 g - a potion of might
 h - a potion of enlightenment
 j - a potion of mutation
 l - a potion of invisibility {unknown}
 m - a potion of haste {unknown}

Dungeon Overview and Level Annotations

Branches:
Dungeon (6/15)
 Temple: D:4-7

Altars:
Cheibriados
Dithmenos
Nemelex Xobeh
Uskayaw

Annotations:
D:4 2 transporters
D:5 3 runed translucent doors, qw's ghost, amateur GrFi


Message History

Something hits you. Something hits you but does no damage.
You shoot an arrow.
Reactivating autopickup.
You feel a bit more experienced. Something hits you but does no damage.
Deactivating autopickup; reactivate with Ctrl-A.
You shoot an arrow. Something hits you.
You shoot an arrow. Something hits you but does no damage.
You shoot an arrow. You shoot an arrow. Something hits you but does no damage.
You shoot an arrow. Something hits you but does no damage.
You shoot an arrow. Something hits you.
You shoot an arrow. Something hits you but does no damage.
You shoot an arrow. Something hits you.
You shoot an arrow.
You hear some strange, mumbled words.
A magic dart appears from out of thin air!
The magic dart hits you!
You shoot an arrow. Something hits you.
You shoot an arrow.
An orc wizard appears from thin air!
Reactivating autopickup.
The orc wizard misses you.
3856 ||| READING scroll of teleportation.
As you read the scroll of teleportation, it crumbles to dust.
You feel strangely unstable.
The orc wizard hits you but does no damage.
You shoot an arrow.
The arrow hits the orc wizard but does no damage.
The orc wizard is severely wounded.
The orc wizard hits you with a +0 dagger.
You die...

#.#....# ##
#.#.##.#
+..#<...#.##
.#..........# #
..............#.#
..##..........#.#
#............#
#.........)###.#.
+........@)......
#........o)...$..
##+######........
#........
#....)!..
#........
.........
.........


You could see an orc wizard.

Vanquished Creatures
  Sigmund (D:2)
  3 ogres
  4 scorpions
  2 hounds (D:5)
  2 jellies (D:5)
  An orc priest (D:5)
  2 orc wizards
  Robin (D:2)
  4 adders
  2 worms (D:2)
  2 dart slugs (D:1)
  10 orcs
  7 ball pythons
  8 endoplasms
  4 giant cockroaches
  17 goblins
  10 hobgoblins
  11 jackals
  6 kobolds
  8 quokkas
  A bat (D:3)
  3 frilled lizards
  5 rats
114 creatures vanquished.

Notes
Turn   | Place    | Note
-------+----------+-------------------------------------------
     0 | D:1      | qw the Deep Elf Hunter began the quest for the Orb.
     0 | D:1      | Reached XP level 1. HP: 12/12 MP: 3/3
     0 | D:1      | 0 ||| qw: Version: 0.3-a-9-g12657ce
     0 | D:1      | 0 ||| qw: Game counter: 3913
     0 | D:1      | 0 ||| qw: Always use a shield: true
     0 | D:1      | 0 ||| qw: God list: Okawaru
     0 | D:1      | 0 ||| qw: Allow faded altars: false
     0 | D:1      | 0 ||| qw: Do Orc after D:15 true
     0 | D:1      | 0 ||| qw: Do second Lair branch before Depths: true
     0 | D:1      | 0 ||| qw: Lair rune preference: random
     0 | D:1      | 0 ||| qw: Plans: Normal
     0 | D:1      | 0 ||| PLANNING D:1-11
    21 | D:1      | 21 ||| FLEEEEING.
    84 | D:1      | You fall into a shaft and drop 1 floor!
   115 | D:2      | 115 ||| UPGRADING to +0 ring mail.
   125 | D:2      | 125 ||| DROPPING +0 leather armour.
   126 | D:2      | 126 ||| UPGRADING to ring of resist corrosion.
   127 | D:2      | 127 ||| READING scroll labelled JUUNKE NUNATOV.
   128 | D:2      | 128 ||| DROPPING scroll of butterflies.
   145 | D:1      | Reached XP level 2. HP: 15/16 MP: 4/4
   146 | D:1      | Reached skill level 6 in Ranged Weapons
   366 | D:1      | Reached XP level 3. HP: 20/20 MP: 5/5
   770 | D:1      | 770 ||| UPGRADING to +0 pair of gloves.
   775 | D:1      | 775 ||| READING scroll labelled VYUCUOMAHARCH.
   776 | D:1      | 776 ||| READING scroll labelled RUT QIOXZYIKHLO.
   777 | D:1      | 777 ||| READING 2 scrolls labelled FUHAKO GEERIUD.
   778 | D:1      | 778 ||| DROPPING scroll of revelation.
   794 | D:2      | Noticed Sigmund
   801 | D:2      | 801 ||| STAIRDANCE
   859 | D:2      | Killed Sigmund
   860 | D:2      | Reached skill level 9 in Ranged Weapons
   860 | D:2      | Reached XP level 4. HP: 18/25 MP: 6/6
   860 | D:2      | Reached XP level 5. HP: 20/29 MP: 7/7
   862 | D:2      | 862 ||| FLEEEEING.
   863 | D:2      | 863 ||| FLEEEEING.
   864 | D:2      | 864 ||| STAIRDANCE
  1084 | D:2      | Noticed Robin
  1092 | D:2      | Killed Robin
  1137 | D:2      | Reached XP level 6. HP: 35/35 MP: 8/8
  1270 | D:2      | 1270 ||| UPGRADING to +0 helmet.
  1275 | D:2      | 1275 ||| READING scroll labelled LOFIYNWEIB.
  1276 | D:2      | 1276 ||| READING 3 scrolls of identify.
  1276 | D:2      | 1276 ||| IDENTIFYING lumpy yellow potion
  1290 | D:3      | Identified the +10 dagger of Yqamu {venom, Str+4}
  1462 | D:3      | Found a snail-covered altar of Cheibriados.
  1462 | D:3      | Found a hide-covered altar of Uskayaw.
  1464 | D:3      | 1464 ||| READING scroll labelled BOEVYL KENKECO.
  1465 | D:3      | 1465 ||| READING 3 scrolls of identify.
  1465 | D:3      | 1465 ||| IDENTIFYING fuming puce potion
  1466 | D:3      | 1466 ||| READING 2 scrolls of identify.
  1466 | D:3      | 1466 ||| IDENTIFYING viscous sapphire potion
  1992 | D:3      | 1992 ||| DROPPING ring of magical power.
  1993 | D:3      | 1993 ||| READING scroll labelled YLIUPT MATE.
  2079 | D:4      | Reached skill level 1 in Armour
  2273 | D:4      | HP: 3/35 [ogre/+0 giant club (9)]
  2275 | D:4      | Reached skill level 10 in Ranged Weapons
  2546 | D:4      | Found a transporter.
  2547 | D:4      | Noticed an ice beast
  2547 | D:4      | Noticed an ice beast
  2571 | D:4      | Reached skill level 3 in Dodging
  2578 | D:4      | Identified the +11 great sword of Kyewu {holy, Fly Dex+3}
  2627 | D:4      | Found a sparkling altar of Nemelex Xobeh.
  2707 | D:4      | Identified the +4 spear "Gakhliriv" {chaos, rPois}
  2812 | D:4      | Found a transporter.
  2815 | D:4      | 2815 ||| DRINKING 2 red potions.
  2815 | D:4      | Gained mutation: Your muscles are strong. (Str +4, Int/Dex
                  | -1) [potion of mutation]
  2815 | D:4      | Gained mutation: You possess an exceptional clarity of
                  | mind. [potion of mutation]
  2816 | D:4      | 2816 ||| READING 2 scrolls of identify.
  2816 | D:4      | 2816 ||| IDENTIFYING brown potion
  2817 | D:4      | 2817 ||| DROPPING potion of berserk rage.
  2859 | D:5      | Entered Level 5 of the Dungeon
  2864 | D:5      | 2864 ||| STAIRDANCE
  2869 | D:4      | Reached XP level 7. HP: 23/40 MP: 9/9
  3057 | D:5      | Reached skill level 11 in Ranged Weapons
  3181 | D:5      | 3181 ||| FLEEEEING.
  3390 | D:5      | Found a runed translucent gate.
  3390 | D:5      | Found a runed translucent gate.
  3390 | D:5      | Found a runed translucent gate.
  3390 | D:5      | Noticed qw's ghost (amateur GrFi)
  3510 | D:5      | Found a shadowy altar of Dithmenos.
  3518 | D:5      | Reached skill level 12 in Ranged Weapons
  3670 | D:5      | 3670 ||| READING scroll labelled OSAOMY XEDGH.
  3735 | D:5      | 3735 ||| DRINKING 2 puce potions.
  3772 | D:5      | 3772 ||| DROPPING potion of lignification.
  3834 | D:6      | Reached XP level 8. HP: 28/44 MP: 10/10
  3853 | D:6      | HP: 4/44 [something/magic dart (8)]
  3854 | D:6      | HP: 1/44 [something (3)]
  3856 | D:6      | 3856 ||| READING scroll of teleportation.
  3857 | D:6      | Slain by an orc wizard

Levels and vault maps discovered:
D:1:      tarquinn_simple_flora_water_d, layout_basic, minmay_heptomino_d4
D:2:      layout_rooms, uniq_sigmund, uniq_robin
D:3:      layout_basic, jmf_multi_god_temple
D:4:      gammafunk_cloud_chamber, layout_basic, general_overflow_altar,
          minmay_ogre_servants
D:5:      layout_basic, grunt_dithmenos_smoke_and_mirrors, serial_corexii_hall,
          corexii_hall_statues_x, chequers_hall_statues_wall_a,
          ebering_ghost_rock_garden, minmay_misc_feat_iff,
          hangedman_abyss_or_decor_passed
D:6:      layout_basic, trog_antimagical, kennysheep_generic_room_15,
          uniq_menkaure

Skill      XL: |  1  2  3  4  5  6  7 |
---------------+----------------------+-----
Ranged Weapons | 6 9 10 12 | 12.0
Fighting       | 2 |  2.2
Armour         | 1 |  1.0
Dodging        | 3 4 |  4.5
Stealth        | |  1.2

Action                     |  1- 3 |  4- 6 |  7- 9 || total
---------------------------+-------+-------+-------++-------
   Fire: Shortbow          |   100 |   202 |    94 ||   396
    Use: Scroll            |     4 |     7 |     2 ||    13
         Potion            |       |     1 |     1 ||     2
 Armour: Ring mail         |    28 |    47 |    31 ||   106
  Dodge: Dodged            |    34 |    46 |    23 ||   103

Table legend:
 A = Non-vault XP
 B = Vault XP
 C = Vault XP percentage of total XP
 D = Non-vault monster count
 E = Vault monster count
 F = Vault count percentage of total count
                 A         B        C        D         E       F
            +---------+---------+-------+---------+---------+-------
      Total |    1065 |     405 |  27.6 |      92 |      22 |  19.3
            +---------+---------+-------+---------+---------+-------
        D:1 |      49 |       6 |  10.9 |      26 |       3 |  10.3
        D:2 |      63 |     266 |  80.9 |      17 |       8 |  32.0
        D:3 |      24 |       3 |  11.1 |      14 |       2 |  12.5
        D:4 |     220 |     130 |  37.1 |      18 |       9 |  33.3
        D:5 |     533 |       0 |   0.0 |      11 |       0 |   0.0
        D:6 |     176 |       0 |   0.0 |       6 |       0 |   0.0
            +---------+---------+-------+---------+---------+-------
